 Dungeon Crawl Stone Soup version 0.22-a0-601-gb0ed703 (webtiles) character file.

4 sking99 the Insei (level 1, -3/13 HPs)
             Began as an Octopode Transmuter on July 6, 2018.
             Slain by an ooze (5 damage)
             ... on level 1 of the Dungeon.
             The game lasted 00:01:01 (158 turns).

sking99 the Insei (Octopode Transmuter)              Turns: 158, Time: 00:01:01

Health: -3/13      AC:  1    Str:  9    XL:     1   Next: 70%
Magic:  1/3        EV: 13    Int: 15    God:
Gold:   20         SH:  0    Dex: 12    Spells: 3/4 levels left

rFire    . . .     SeeInvis .     - Unarmed
rCold    . . .     Gourm    .   (no shield)
rNeg     . . .     Faith    .   (helmet restricted)
rPois    .         Spirit   .   (no amulet)
rElec    .         Reflect  .   (no ring)
rCorr    .         Harm     .   (no ring)
MR       .....                  (no ring)
Stlth    ++........             (no ring)
HPRegen  0.04/turn              (no ring)
MPRegen  0.08/turn              (no ring)
                                (no ring)
                                (no ring)

@: appendage, very slightly contaminated
A: almost no armour, stealthy swim, amphibious, 8 rings, constrict 8, tentacle
spike 3, camouflage 1, gelatinous body 1
a: End Transformation


You were on level 1 of the Dungeon.
You were not hungry.
One of your tentacles had a temporary spike.
You visited 1 branch of the dungeon, and saw 1 of its levels.

You collected 20 gold pieces.

Inventory:

Missiles
 a - 12 arrows
Potions
 b - a potion of mutation {unknown}
 d - a potion of curing {unknown}
Comestibles
 c - 3 rations
 f - 2 chunks of flesh


   Skills:
 + Level 1.2 Fighting
 - Level 2.0 Dodging
 * Level 3.2 Unarmed Combat
 - Level 2.0 Spellcasting
 - Level 2.0 Transmutations


You had 3 spell levels left.
You knew the following spells:

 Your Spells              Type           Power        Failure   Level  Hunger
a - Beastly Appendage     Tmut           #.....       10%         1    #......

Your spell library contained the following spells:

 Spells                   Type           Power        Failure   Level  Hunger
 Spider Form              Tmut/Pois      #.........   41%         3    ###....
 Blade Hands              Tmut           #.........   95%         5    ######.
 Ice Form                 Ice/Tmut       #.......     82%         4    #####..
 Sticks to Snakes         Tmut           #.......     14%         2    ###....


Dungeon Overview and Level Annotations

Branches:
Dungeon (1/15)

Altars:


Innate Abilities, Weirdness & Mutations

You cannot wear most types of armour.
You are very stealthy in the water. (Stealth+)
You are amphibious.
You can wear up to eight rings at the same time.
You can use your tentacles to constrict eight enemies at once.
Your skin changes colour to match your surroundings (Stealth+).
Your rubbery body absorbs attacks. (AC +1, EV +1)
One of your tentacles bears a large vicious spike.


Message History

Nothing appears to happen.
Casting: Beastly Appendage (safe; 10% risk of failure)
Confirm with . or Enter, or press ? or * to list all spells.
One of your tentacles grows a vicious spike.
The kobold closely misses you.
You tentacle-slap the kobold. You grab the kobold.
The kobold is heavily wounded.
You constrict the kobold. The kobold hits you with a club.
You tentacle-slap the kobold.
You kill the kobold!
You tentacle-slap the ooze but do no damage.
The ooze hits you.
You tentacle-slap the ooze.
Your tentacle spike misses the ooze.
The ooze is moderately wounded.
The ooze hits you.
* * * LOW HITPOINT WARNING * * *
You tentacle-slap the ooze but do no damage.
The ooze is moderately wounded.
The ooze hits you.
You die...

#####..##......
...#..###...⌠.
##.#..# #.....
#.....# ##....
#..##.#.#####.
##........# ##
#.....##...#
#########..####
...#
#.....@....#
#.#
#.....)J.....#
##
..............#
........(.....#
........[.....#
..............#
..............#
#............##


You could see an ooze.

Vanquished Creatures
  A leopard gecko (D:1)
  A giant cockroach (D:1)
  A kobold (D:1)
3 creatures vanquished.

Notes
Turn   | Place    | Note
-------+----------+-------------------------------------------
     0 | D:1      | sking99 the Octopode Transmuter began the quest for the Orb.
     0 | D:1      | Reached XP level 1. HP: 13/13 MP: 3/3
   158 | D:1      | Slain by an ooze

Vault maps used:
D:1:      dpeg_arrival_stone_temple_mockup, minmay_hedge_maze

Action                   || total
-------------------------++-------
Melee: Unarmed           ||    10
       Constrict         ||     2
 Cast: Beastly Appendage ||     3
Dodge: Dodged            ||     3

Table legend:
 A = Spawn XP
 B = Non-spawn XP
 C = Spawn XP percentage of total XP
 D = Spawn monster count
 E = Non-spawn monster count
 F = Spawn count percentage of total count
 G = Total turns spent on level
                    A         B        C        D         E        F      G
               +---------+---------+-------+---------+---------+-------+---------
         Total |       0 |       7 |   0.0 |       0 |       3 |   0.0 |   158
               +---------+---------+-------+---------+---------+-------+---------
           D:1 |       0 |       7 |   0.0 |       0 |       3 |   0.0 |   158
               +---------+---------+-------+---------+---------+-------+---------
